AoeStats
← 总有宦官暗算朕

Arena

506270331Analyzed
2v2 RM · 20d ago on Sep 13, 2026· 75m 58s· 4 players
Game mode
Random Map
Map size
Medium (4 player)
Population
200
Speed
Normal
Resources
Standard
Victory
Conquest
Starting age
Dark Age
Ending age
Imperial Age
RankedLock teamsTeams togetherTeam positionsShared explorationLock speedFull tech treeHidden civsTurbo modeCheats
Victory
Defeat
🇳🇿 Romans · New Zealand
1226
+12
🇦🇺 Magyars · Australia
1152
+15
🇨🇳 Poles · China
1182
-16
🇵🇪 Celts · Peru
1073
-11
LiamJ5500
9:37 Loom
11:22 Feudal Age
20:36 Fletching
21:58 Double-Bit Axe
31:00 Castle Age
40:01 Town Watch
55:08 Wheelbarrow
57:23 Horse Collar
57:35 Light Cavalry
58:35 Scale Barding Armor
59:10 Bloodlines
59:39 Chain Barding Armor
59:21 Husbandry
61:53 Hand Cart
61:39 Town Patrol
68:02 Imperial Age
66:45 Heavy Plow
68:07 Cavalier
69:39 Plate Barding Armor
68:31 Hussar
69:56 Conscription
72:54 Paladin
Gingerpatches
11:00 Feudal Age
12:19 Double-Bit Axe
14:55 Castle Age
12:53 Horse Collar
15:37 Wheelbarrow
16:17 Loom
17:15 Bow Saw
21:05 Heavy Plow
22:45 Forging
28:40 Imperial Age
25:35 Man-at-Arms
26:17 Squires
26:46 Scale Mail Armor
26:10 Pikeman
28:16 Chain Mail Armor
28:37 Iron Casting
27:40 Long Swordsman
28:47 Hand Cart
29:06 Halberdier
30:11 Conscription
32:54 Blast Furnace
33:44 Chemistry
34:30 Ballistics
33:39 Legionary
36:52 Comitatenses
39:09 Heavy Scorpion
45:14 Ballistas
45:34 Fletching
54:24 Bodkin Arrow
57:48 Onager
64:50 Caravan
65:59 Padded Archer Armor
65:45 Elite Skirmisher
67:18 Leather Archer Armor
69:53 Capped Ram
70:48 Siege Ram
CID Rohan
5:43 Loom
41:36 Feudal Age
49:23 Castle Age
56:31 Man-at-Arms
60:59 Wheelbarrow
62:11 Wheelbarrow
64:42 Fletching
64:54 Horse Collar
68:22 Arson
69:17 Scale Mail Armor
70:36 Forging
74:06 Chain Mail Armor
总有宦官暗算朕
10:20 Feudal Age
14:30 Castle Age
12:30 Double-Bit Axe
12:58 Horse Collar
16:27 Loom
21:59 Heavy Plow
22:11 Bow Saw
28:15 Imperial Age
26:24 Forging
26:19 Scale Barding Armor
26:17 Husbandry
27:08 Bloodlines
27:10 Szlachta Privileges
28:06 Wheelbarrow
27:16 Town Watch
28:09 Iron Casting
30:09 Blast Furnace
29:32 Padded Archer Armor
29:53 Chain Barding Armor
29:24 Cavalier
29:56 Fletching
29:59 Gold Mining
30:00 Stone Mining
31:30 Conscription
34:30 Hoardings
33:46 Elite Obuch
34:28 Scale Mail Armor
34:24 Bodkin Arrow
35:45 Chain Mail Armor
35:30 Bracer
36:42 Ballistics
37:22 Chemistry
36:00 Crossbowman
36:58 Thumb Ring
37:11 Leather Archer Armor
36:32 Arbalester
39:50 Light Cavalry
41:44 Plate Mail Armor
40:41 Winged Hussar
42:47 Hand Cart
43:55 Onager
63:50 Treadmill Crane
64:16 Siege Engineers
70:48 Masonry
73:27 Crop Rotation
73:35 Stone Shaft Mining
74:12 Coinage
Connection lost

Rejoining the realm…

Still unreachable

The connection could not be restored.

Session expired

The server has moved on; the page needs a fresh start.